 Dungeon Crawl Stone Soup version 0.31.0-10-gcf4a605ca0 (webtiles) character file.

Game seed: 556087340126243096

19023 groovy9 the Markself (level 12, -6/65 HPs)
             Began as a Deep Elf Hunter on Jan 25, 2024.
             Was a Priest of Hepliaklqana.
             Shot with a bolt by a yaktaur (20 damage)
             ... on level 11 of the Dungeon.
             The game lasted 00:37:41 (9844 turns).

groovy9 the Markself (Deep Elf Hunter)              Turns: 9844, Time: 00:37:41

Health: -6/65      AC:  7    Str:  8    XL:     12   Next: 32%
Magic:  14/14      EV: 18    Int: 16    God:    Hepliaklqana [***...]
Gold:   1198       SH:  0    Dex: 28    Spells: 2/11 levels left

rFire   . . .        j - +0 arbalest (freeze)
rCold   . . .        (shield currently unavailable)
rNeg    . . .        y - +0 steam dragon scales
rPois   .            J - +2 hat
rElec   .            (no cloak)
rCorr   .            (no gloves)
SInv    +            (no boots)
Will    +....        (no amulet)
Stlth   +++++        A - +6 ring of dexterity
HPRegen 0.30/turn    d - ring of Yskoak {Slay+4 SInv Stlth+}
MPRegen 0.14/turn

%: no passive effects
@: no status effects
A: reduced essence
a: Renounce Religion, Recall Ancestor, Ancestor Identity, Transference


You were on level 11 of the Dungeon.
You worshipped Hepliaklqana.
Hepliaklqana was most pleased with you.
You visited 2 branches of the dungeon, and saw 12 of its levels.
You also visited: Ossuary.

You collected 1653 gold pieces.
You spent 455 gold pieces at shops.

Inventory:

Hand Weapons
 j - a +0 arbalest of freezing (weapon)
 H - a +0 triple crossbow of draining
Armour
 y - +0 steam dragon scales (worn)
 D - +0 acid dragon scales
 J - a +2 hat (worn)
Jewellery
 d - the ring of Yskoak (right hand) {Slay+4 SInv Stlth+}
   (You acquired it on level 4 of the Dungeon)

   [ring of see invisible]

   Slay+4:    It affects your accuracy & damage with ranged weapons and melee
   (+4).
   SInv:      It lets you see invisible.
   Stlth+:    It makes you more stealthy.
 k - a ring of protection from fire
 n - a ring of ice
 A - a +6 ring of dexterity (left hand)
 B - a ring of willpower
 I - a ring of fire
Wands
 e - a wand of digging (7)
 q - a wand of flame (31)
 w - a wand of mindburst (9)
Scrolls
 b - a scroll of fear
 c - a scroll of fog
 g - a scroll of brand weapon
 m - a scroll of blinking
 o - a scroll of enchant weapon
 r - 3 scrolls of revelation
 t - a scroll of vulnerability
Potions
 f - 3 potions of invisibility
 h - 3 potions of mutation
 l - 2 potions of cancellation
 p - 2 potions of haste
 s - 7 potions of curing
 u - 3 potions of lignification
 v - 4 potions of enlightenment
 x - 2 potions of heal wounds
 z - 4 potions of brilliance
 C - 2 potions of berserk rage
 E - a potion of resistance {unknown}
 F - a potion of ambrosia {unknown}
 G - 2 potions of attraction {unknown}
Miscellaneous
 a - a phantom mirror


   Skills:
 + Level 8.0 Fighting
 + Level 17.7 Ranged Weapons
 + Level 6.3 Dodging
 + Level 6.4 Stealth
 - Level 5.1 Hexes
 + Level 9.0 Necromancy
 + Level 6.8 Translocations


You had 2 spell levels left.
You knew the following spells:

 Your Spells              Type           Power      Damage    Failure   Level
a - Dimensional Bullseye  Hex/Tloc       9%         N/A       22%         4
b - Fugue of the Fallen   Necr           28%        N/A       1%          3
c - Blink                 Tloc           42%        N/A       2%          2

Your spell library contained the following spells:

 Spells                   Type           Power      Damage    Failure   Level
 Ensorcelled Hibernation  Hex/Ice        16%        N/A       14%         2
 Magic Dart               Conj           0%         1d3       26%         1
 Call Imp                 Summ           0%         N/A       36%         2
 Sigil of Binding         Hex            16%        N/A       10%         3
 Anguish                  Hex/Necr       11%        N/A       14%         4
 Volatile Blastmotes      Fire/Tloc      20%        2d11      19%         3
 Dazzling Flash           Conj/Hex       16%        N/A       26%         3
 Call Canine Familiar     Summ           0%         N/A       58%         3
 Iskenderun's Battlesphe  Conj           0%         2d6       100%        5
 Bombard                  Conj/Erth      0%         9d1       100%        6
 Starburst                Conj/Fire      0%         6d3       100%        6
 Malign Gateway           Summ/Tloc      5%         N/A       100%        7
 Spellforged Servitor     Conj/Summ      0%         N/A       100%        7
 Maxwell's Capacitive Co  Air            0%         ∞         100%        8
 Summon Horrible Things   Summ           0%         N/A       100%        8


Dungeon Overview and Level Annotations

Branches:
Dungeon (11/15)            Temple (1/1) D:6            Lair (0/5) D:11
    Orc (0/2) D:10        Ossuary (visited)

Altars:
Ashenzari
Cheibriados
Dithmenos
Elyvilon
Fedhas
Gozag
Hepliaklqana
Kikubaaqudgha
Makhleb
Nemelex Xobeh
Okawaru
Ru
Sif Muna
Trog
Uskayaw
Vehumet
Wu Jian
Xom
Yredelemnul
Zin
The Shining One

Shops:
D:6 :   D:7 *   D:8 *


Message History

You shoot a bolt. The bolt hits the troll!!
The bolt freezes the troll!
The troll is severely wounded.
You shoot a bolt. Caliana avoids your attack.
The bolt hits the troll.
The bolt freezes the troll.
The troll is almost dead.
The troll bites Caliana.
The troll claws Caliana! x2
You shoot a bolt. Caliana avoids your attack.
The bolt hits the troll!!
The bolt freezes the troll.
You kill the troll!
The troll leather armour is intact enough to wear.
As you read the scroll of identify, it crumbles to dust.
l - 2 potions of cancellation You swap places.
Things that are here:
a +0 troll leather armour; a troll corpse A gnoll comes into view.
It is wielding a +0 club and quivering a throwing net.
The gnoll shouts!
You shoot a bolt. The bolt closely misses the gnoll.
You shoot a bolt. The bolt hits the gnoll!!!
The bolt freezes the gnoll.
You kill the gnoll!
No target in view!
A gnoll comes into view. It is wielding a +0 club.
You shoot a bolt. The bolt closely misses the gnoll.
The gnoll shouts!
You shoot a bolt. The bolt closely misses the gnoll.
A yaktaur comes into view.
You shoot a bolt. The bolt hits the gnoll!!
The bolt freezes the gnoll!
You kill the gnoll!
The yaktaur wields a +0 arbalest of electrocution.
You hear the crackle of electricity.
The yaktaur shoots a bolt.
The bolt hits you!!
You are too injured to fight recklessly!
Fire: j) +0 arbalest (freeze)
Press: ? - help, Q - select action, (/) - cycle Shift-Dir - straight line, f - yaktaur
Aim: a yaktaur, wielding a +0 arbalest of electrocution (ally target, 88% to hit)
You shoot a bolt. The bolt barely misses the yaktaur.
The yaktaur shoots a bolt.
The bolt hits you!
You are electrocuted!!
* * * LOW HITPOINT WARNING * * *
The yaktaur shoots a bolt.
The bolt hits you!!
You die...

#.##### #.#
#......
......###### #.#
.....c.
#..........# #.#
...)...
#####.####.# #.#
....... #.# #.#
#.##.R..... #.#
#.####.#)......≈
#.#
#...[.......≈≈≈≈
)..
######.#...≈≈≈≈.
### #.@..≈≈....
####.≈.#### .≈.#
.≈.# .≈.# .≈≈#
.≈≈#


You could see the friendly Caliana the knight and a yaktaur (ally target).

Vanquished Creatures
  A great orb of eyes (D:10)
  A centaur warrior (D:10)
  2 two-headed ogres (D:10)
  A boulder beetle (D:10)
  A tengu warrior (D:10)
  A deep elf knight (D:10)
  An ugly thing (D:10)
  2 cyclopes (D:10)
  Maggie (D:9)
  An unseen horror (D:10)
  3 kobold demonologists
  4 trolls
  Sigmund (D:5)
  A vampire (D:10)
  3 shadows
  A wyvern (D:11)
  4 wraiths (D:10)
  A basilisk (D:11)
  11 yaks
  Menkaure (Ossuary)
  A water moccasin (D:8)
  2 acid dragons (D:10)
  8 orc warriors
  An ice beast (D:6)
  A sky beast (D:6)
  3 black bears (D:5)
  A laughing skull (D:10)
  An ogre (D:5)
  9 centaurs
  A phantom (D:7)
  4 kobold brigands
  4 bullfrogs
  2 gnoll sergeants
  3 scorpions
  18 wights
  11 killer bees
  3 howler monkeys
  2 bombardier beetles
  5 jellies
  2 hounds
  8 orc priests
  2 sleepcaps
  A gnoll bouda (D:5)
  2 iguanas
  11 orc wizards
  4 mummies
  10 gnolls
  3 adders
  2 shadow imps
  A white imp (D:8)
  2 dart slugs
  A ribbon worm (D:5)
  45 orcs
  8 endoplasms
  A giant cockroach (D:2)
  5 goblins
  7 hobgoblins
  8 jackals
  7 quokkas
  12 ball pythons
  5 bats
  2 frilled lizards (D:1)
  4 gnoll skeletons (Ossuary)
  5 gnoll zombies (Ossuary)
  4 goblin skeletons (Ossuary)
  6 goblin zombies
  7 hobgoblin skeletons (Ossuary)
  3 hobgoblin zombies (Ossuary)
  14 kobolds
  3 kobold skeletons (Ossuary)
  5 kobold zombies
  4 orc skeletons (Ossuary)
  3 orc zombies (Ossuary)
  4 rats
  3 rat skeletons (Ossuary)
  5 rat zombies (Ossuary)
341 creatures vanquished.

Vanquished Creatures (collateral kills)
  A centaur warrior (D:10)
  A two-headed ogre (D:10)
  A salamander (shapeshifter) (D:10)
  A shadow (D:10)
  A wyvern (D:9)
  A black bear (D:11)
  2 wights (D:9)
  A killer bee (D:9)
  An orc priest (D:8)
  A gnoll (D:10)
  5 orcs
16 creatures vanquished.

Vanquished Creatures (others)
  2 knights (D:10)
  An ancestor (D:8)
3 creatures vanquished.

Grand Total: 360 creatures vanquished

Notes
Turn   | Place    | Note
-------+----------+-------------------------------------------
     0 | D:1      | groovy9 the Deep Elf Hunter began the quest for the Orb.
     0 | D:1      | Reached XP level 1. HP: 12/12 MP: 3/3
    55 | D:1      | Reached XP level 2. HP: 16/16 MP: 4/4
   109 | D:1      | Reached skill level 6 in Ranged Weapons
   348 | D:1      | Reached XP level 3. HP: 18/20 MP: 5/5
   821 | D:2      | Reached skill level 7 in Ranged Weapons
   958 | D:2      | Found a faded altar of an unknown god.
  1390 | D:3      | Reached XP level 4. HP: 24/25 MP: 6/6
  1487 | D:3      | Noticed an orc warrior
  1801 | D:3      | Reached skill level 8 in Ranged Weapons
  1821 | D:3      | Killed an orc warrior
  1822 | D:3      | Reached skill level 9 in Ranged Weapons
  1822 | D:3      | Reached XP level 5. HP: 20/29 MP: 7/7
  2049 | D:4      | Identified 2 scrolls of acquirement
  2051 | D:4      | Acquired 1030 gold pieces
  2053 | D:4      | Acquired the ring of Yskoak {Slay+4 SInv Stlth+}
  2095 | D:4      | Reached XP level 6. HP: 23/34 MP: 8/8
  2153 | D:4      | Found a sand-covered staircase.
  2158 | Ossuary  | Entered an ossuary
  2347 | Ossuary  | Reached skill level 10 in Ranged Weapons
  2495 | Ossuary  | Noticed Menkaure
  2498 | Ossuary  | Killed Menkaure
  2654 | D:4      | Reached skill level 11 in Ranged Weapons
  2690 | D:4      | Reached XP level 7. HP: 38/38 MP: 9/9
  3423 | D:5      | Entered Level 5 of the Dungeon
  3540 | D:5      | Reached skill level 12 in Ranged Weapons
  3572 | D:5      | You fall into a shaft and drop 1 floor!
  3585 | D:6      | Reached skill level 13 in Ranged Weapons
  3585 | D:6      | Reached XP level 8. HP: 28/43 MP: 10/10
  3752 | D:6      | Reached skill level 14 in Ranged Weapons
  3807 | D:6      | Found a bloodstained altar of Trog.
  3807 | D:6      | Found a broken altar of Ashenzari.
  3918 | D:5      | Reached skill level 15 in Ranged Weapons
  4203 | D:5      | Noticed Sigmund
  4207 | D:5      | Killed Sigmund
  4278 | D:5      | Reached XP level 9. HP: 47/47 MP: 11/11
  4422 | D:6      | Found a staircase to the Ecumenical Temple.
  4456 | D:6      | Found Viwasick's Book Shop.
  4474 | D:6      | Bought a book of the Hunter for 390 gold pieces
  4479 | D:6      | Learned a level 4 spell: Dimensional Bullseye
  4519 | D:6      | Found a shimmering altar of Xom.
  4586 | D:6      | Reached skill level 1 in Hexes
  4594 | D:6      | Reached skill level 16 in Ranged Weapons
  4594 | D:6      | Reached skill level 1 in Translocations
  5115 | Temple   | Entered the Ecumenical Temple
  5136 | Temple   | Became a worshipper of Hepliaklqana the Forgotten
  5220 | D:7      | Found Geg Qah's Lightly-Used Armoury.
  5230 | D:7      | Bought a -1 triple crossbow for 65 gold pieces
  5483 | D:7      | Found a burning altar of Makhleb.
  5750 | D:7      | Reached * piety under Hepliaklqana
  6061 | D:8      | Reached skill level 5 in Hexes
  6177 | D:8      | Learned a level 3 spell: Fugue of the Fallen
  6261 | D:8      | Reached skill level 1 in Necromancy
  6442 | D:8      | Found Zin's Purification Station.
  6442 | D:8      | Found a glowing silver altar of Zin.
  6461 | D:8      | Reached XP level 10. HP: 30/50 MP: 12/12
  6540 | D:8      | Reached ** piety under Hepliaklqana
  6541 | D:8      | Remembered your ancestor Caliana as a knight
  7684 | D:9      | Noticed Maggie
  7690 | D:9      | Killed Maggie
  7748 | D:9      | Reached skill level 5 in Necromancy
  7946 | D:9      | Found a blossoming altar of Fedhas.
  7959 | D:9      | Reached skill level 5 in Fighting
  8117 | D:9      | Found an iron altar of Okawaru.
  8370 | D:10     | Entered Level 10 of the Dungeon
  8502 | D:10     | Noticed a two-headed ogre
  8810 | D:10     | Noticed a centaur warrior
  8811 | D:10     | Learned a level 2 spell: Blink
  8819 | D:10     | Killed a centaur warrior
  8820 | D:10     | Reached XP level 11. HP: 30/59 MP: 10/13
  8946 | D:10     | Noticed a two-headed ogre
  8952 | D:10     | Killed a two-headed ogre
  8989 | D:10     | Noticed a deep elf knight
  8994 | D:10     | Killed a deep elf knight
  8994 | D:10     | Noticed a green ugly thing
  9002 | D:10     | Killed a green ugly thing
  9029 | D:10     | Reached *** piety under Hepliaklqana
  9045 | D:10     | Noticed a great orb of eyes
  9045 | D:10     | Noticed a tengu warrior
  9064 | D:10     | Killed a tengu warrior
  9065 | D:10     | Reached skill level 5 in Translocations
  9067 | D:10     | Killed a great orb of eyes
  9068 | D:10     | Reached skill level 17 in Ranged Weapons
  9270 | D:10     | Noticed a centaur warrior
  9273 | D:10     | Killed a centaur warrior
  9277 | D:10     | Reached skill level 5 in Dodging
  9291 | D:10     | Reached skill level 5 in Stealth
  9292 | D:10     | Noticed a boulder beetle
  9321 | D:10     | Killed a boulder beetle
  9434 | D:10     | Noticed a two-headed ogre
  9436 | D:10     | Killed a two-headed ogre
  9437 | D:10     | Reached XP level 12. HP: 65/65 MP: 14/14
  9504 | D:10     | Found a staircase to the Orcish Mines.
  9539 | D:10     | Killed a two-headed ogre
  9757 | D:11     | Found a staircase to the Lair.
  9844 | D:11     | Shot with a bolt by a yaktaur

Illustrated notes

Levels and vault maps discovered:
D:1:      spicycebolla_green_bress_n_ham, layout_basic,
          chequers_serial_rivers_micro_c, minmay_misc_feat_doors,
          minmay_pentomino_w2
D:2:      layout_loops_ring, hellmonk_ecumenical_altar_inner_sanctum
D:3:      layout_rooms, serial_curves, eino_curves_03, eino_curves_04,
          eino_curves_03, eino_curves_02, minmay_misc_feat_plants
D:4:      layout_basic, nicolae_ossuary_entry_giza, serial_glass,
          glass_columns_a, glass_columns_b, dk_vineyard_2
D:5:      layout_gridville, uniq_menkaure, uniq_sigmund
D:6:      layout_basic, gammafunk_temple_overflow_statue, dk_xom_monty_hall,
          minmay_temple_entry_from_below_b, serial_shops, nicolae_shop_trees,
          kennysheep_nondescript, minmay_starry_boxes
D:7:      layout_basic, nicolae_overflow_hidden_temple, minmay_shop_damaged,
          kennysheep_small_square
D:8:      layout_layer_cave, zin_purify, kennysheep_generic_room_8
D:9:      layout_roguey, nicolae_overflow_crystal_walls, okawaru_gym_becter,
          st_stairs_7, uniq_maggie
D:10:     nzn_winding_woodlands_large [nzn_winding_woodlands_5x5_cross,
          nzn_winding_woodlands_5x15_concentric,
          nzn_winding_woodlands_5x5_open_star,
          nzn_winding_woodlands_center_diamonds,
          nzn_winding_woodlands_15x15_killbox,
          nzn_winding_woodlands_center_garden,
          nzn_winding_woodlands_5x5_default, nzn_winding_woodlands_5x15_pool,
          nzn_winding_woodlands_hourglass], layout_rooms, orc_0_dummy
D:11:     fort_yaktaur, layout_loops_ring, david_lair_generic, corner_web_ring
Temple:   dpeg_chambers_temple

Skill      XL: |  1  2  3  4  5  6  7  8  9 10 11 12 |
---------------+-------------------------------------+-----
Ranged Weapons | 6 7 9 11 13 15 16 17 | 17.7
Hexes          | 5 |  5.1
Translocations | 4 6 |  6.8
Fighting       | 3 6 7 8 |  8.0
Necromancy     | 2 8 9 |  9.0
Dodging        | 5 6 |  6.3
Stealth        | 5 6 |  6.4

Action                     |  1- 3 |  4- 6 |  7- 9 | 10-12 || total
---------------------------+-------+-------+-------+-------++-------
   Fire: Shortbow          |    71 |       |       |       ||    71
         Arbalest          |    35 |   134 |   211 |   286 ||   666
   Cast: Fugue of the Fall |       |       |       |     1 ||     1
 Invoke: Ancestor Life: Kn |       |       |       |     1 ||     1
    Use: Scroll            |       |     7 |     7 |    15 ||    29
         Potion            |       |       |       |     5 ||     5
 Armour: Leather armour    |    13 |    14 |    15 |     6 ||    48
         Steam dragon scal |       |       |       |    28 ||    28
         Skin              |       |       |       |     1 ||     1
  Dodge: Dodged            |    28 |    16 |    22 |    28 ||    94
